 Dungeon Crawl Stone Soup version 0.18-a0-628-gc02dfad (webtiles) character file.

663528 Crishpax the Archmage (level 27, -1/137 HPs)
             Began as a Deep Elf Wizard on Dec 2, 2015.
             Was the Champion of Vehumet.
             Killed from afar by an orb of fire (81 damage)
             ... with a fireball
             ... on level 5 of the Realm of Zot on Dec 4, 2015.
             The game lasted 06:23:17 (84058 turns).

Crishpax the Archmage (Deep Elf Wizard)            Turns: 84058, Time: 06:23:18

Health: -1/137     AC:  8    Str:  4    XL:     27
Magic:  38/65      EV: 19    Int: 41    God:    Vehumet [******]
Gold:   4576       SH:  0    Dex: 13    Spells: 11 memorised, 25 levels left

rFire  . . .     SeeInvis .     n - staff of power
rCold  . . .     Clarity  +     s - +2 robe {Archmagi}
rNeg   . . .     SustAt   +     (no shield)
rPois  .         Gourm    .     C - +0 helmet {Int+3}
rElec  +         Spirit   .     P - +2 cloak {MR+}
rCorr  .         Dismiss  .     A - +0 pair of gloves
rMut   .         Stasis   .     B - +2 pair of boots
MR     +++..                    c - amulet of clarity
Stlth  ++........               v - ring of sustain attributes
                                y - ring "Rulef" {rElec AC-5 Int+3}

@: very slightly contaminated, delayed fireball, deflect missiles, extremely
resistant to hostile enchantments, unstealthy
A: icy blue scales 1, deterioration 1, dopey 1, frail 1, low mp 1
a: Renounce Religion, Release Delayed Fireball
}: 3/15 runes: barnacled, slimy, gossamer


You were on level 5 of the Realm of Zot.
You worshipped Vehumet.
Vehumet was exalted by your worship.
You were not hungry.

You visited 10 branches of the dungeon, and saw 58 of its levels.
You visited 1 bazaar.
You also visited: Labyrinth.

You collected 8286 gold pieces.
You spent 3710 gold pieces at shops.

Inventory:

Armour
 s - a +2 robe of the Archmagi (worn)
 A - a +0 pair of gloves (worn)
 B - a +2 pair of boots (worn)
 C - a +0 helmet of intelligence (worn)
 P - a +2 cloak of magic resistance (worn)
Magical Staves
 n - an uncursed staff of power (weapon)
 p - an uncursed staff of fire
 W - an uncursed staff of energy
Jewellery
 c - an amulet of clarity (around neck)
 v - a ring of sustain attributes (right hand)
 w - a cursed -3 ring of protection {unknown}
 y - the ring "Rulef" (left hand) {rElec AC-5 Int+3}
   (You bought it in a shop on level 1 of the Depths)

   [ring of protection]

   It affects your AC (-5).
   It affects your intelligence (+3).
   It insulates you from electricity.
 z - a cursed -3 ring of evasion {unknown}
 D - the ring of Utsuuqu {rC+ MP+9 Str+3}
   (You found it on level 3 of the Shoals)

   [ring of magical power]

   It affects your strength (+3).
   It protects you from cold.
   It affects your magic capacity (+9).
 E - an uncursed ring of protection from cold
 J - a cursed amulet of resist corrosion {unknown}
 T - an uncursed ring of positive energy
 X - an uncursed ring of protection from fire
 Y - an uncursed ring of see invisible
Wands
 f - a wand of invisibility (1)
 i - a wand of teleportation (3)
 k - a wand of hasting (6)
 l - a wand of digging (22)
Scrolls
 g - 4 scrolls of blinking
 h - 18 scrolls of teleportation
 m - a scroll of enchant armour
 o - 2 scrolls of recharging
 q - a scroll of summoning
 t - 14 scrolls of magic mapping
 u - 17 scrolls of remove curse
 I - a scroll of fear
 K - 10 scrolls of amnesia
 R - 31 scrolls of identify
 S - 4 scrolls of holy word
 Z - 4 scrolls of fog
Potions
 a - 2 potions of magic
 e - 9 potions of curing
 r - 13 potions of heal wounds
 F - 5 potions of haste
 G - 3 potions of brilliance
 O - 2 potions of beneficial mutation
 Q - a potion of resistance
Books
 b - the Incunabulum of Sinister Poison
   (You found it on level 5 of the Depths)

   Spells                             Type                      Level
   a - Sublimation of Blood           Necromancy                   2
   b - Vampiric Draining              Necromancy                   3
   c - Spider Form                    Transmutation/Poison         3
   d - Olgreb's Toxic Radiance        Poison                       4
   e - Venom Bolt                     Conjuration/Poison           5
Miscellaneous
 N - a crystal ball of energy
Comestibles
 d - 39 bread rations
 j - 17 meat rations
 x - a royal jelly


   Skills:
 + Level 10.9 Fighting
 + Level 12.3 Dodging
 - Level 2.4 Stealth
 O Level 27 Spellcasting
 - Level 21.4 Conjurations
 - Level 8.2 Charms
   Level 1.1 Summonings
 - Level 17.0 Translocations
 - Level 21.3 Fire Magic
 O Level 27 Evocations


You had 25 spell levels left.
You knew the following spells:

 Your Spells              Type           Power        Failure   Level  Hunger
a - Fire Storm            Conj/Fire      ########..   1%          9    None
b - Blink                 Tloc           N/A          0%          2    None
c - Controlled Blink      Tloc           N/A          1%          8    None
d - Mephitic Cloud        Conj/Pois/Air  ########     1%          3    None
e - Deflect Missiles      Chrm/Air       #######...   12%         6    None
f - Fireball              Conj/Fire      ########..   0%          5    None
g - Orb of Destruction    Conj           ########..   1%          7    None
h - Magic Dart            Conj           ####         0%          1    None
i - Bolt of Fire          Conj/Fire      ########..   0%          6    None
l - Haste                 Chrm           ########     1%          6    None
q - Delayed Fireball      Conj/Fire      N/A          1%          7    None


Dungeon Overview and Level Annotations

Branches:
Dungeon (15/15)            Temple (0/1) D:7            Lair (8/8) D:11
 Shoals (4/4) Lair:3       Spider (4/4) Lair:6        Slime (6/6) Lair:8
    Orc (4/4) D:9             Elf (3/3) Orc:3        Vaults (4/5) D:14
  Crypt (0/3) Vaults:3     Depths (5/5) D:15            Zot (5/5) Depths:5

Altars:
Ashenzari
Elyvilon
Fedhas
Makhleb
Okawaru
Ru
Sif Muna
Vehumet
Yredelemnul
The Shining One
Beogh
Lugonu

Shops:
D:12 !:*::   Orc:4 [=*}!   Elf:1 *   Elf:3 *   Shoals:3 =   Depths:1 [=*[
Depths:4 (

Portals:
Hell: Depths:1 Depths:2 Depths:3 Depths:4 Depths:5
Abyss: Depths:1 Depths:4
Pandemonium: Depths:3
Ziggurat: Depths:4

Annotations:
D:2 Terence


Innate Abilities, Weirdness & Mutations

You are partially covered in icy blue scales (AC +1).
Your body sometimes deteriorates upon taking damage.
You are dopey. (Int -2)
You are frail (-10% HP).
Your magical capacity is low (-10% MP).


Message History

The orb of fire glows bright magenta.
You deflect the bolt of fire!
Casting: Orb of Destruction
Confirm with . or Enter, or press ? or * to list all spells.
You feel a surge of power!
Blink to where?
Press: ? - help, Dir - move target cursor, p - orb of fire You are very lightly contaminated with residual magic.
Casting: Controlled Blink
Confirm with . or Enter, or press ? or * to list all spells.
Aiming: Fire Storm
Press: ? - help, Dir - move target cursor You feel a surge of power!
A raging storm of fire appears!
The great blast of fire engulfs the orb of fire.
The orb of fire partially resists.
The orb of fire is severely damaged.
The orb of fire glows deep purple.
The fireball explodes!
The fireball engulfs you!
Ouch! That really hurt!
You die...

##..##..###......###..##..##.....
##..##..##........##..##..##.....
#▓▓▓▓########.########▓▓▓▓#######
#...............#
##.............## #.............#
##...........## #.........
#..[.....[..# #.........
##........@..## #.........
#.............# #.........
##...........§§## #.......*.
##..........(.v§§###......§*.
###...###########§§§###....§.X.
q##..§.## ##§§§.##..§....
§vv..### ###*.......... ▓▓▓▓▓#
#▓▓▓▓▓▓#▓▓▓▓


You could see an orb of fire and a friendly fire vortex.

Vanquished Creatures
  the Royal Jelly (Slime:6)
  6 orbs of fire
  4 juggernauts (Depths:5)
  Sojobo (Vaults:4)
  2 iron giants
  4 Killer Klowns
  2 curse toes
  11 golden dragons
  the Enchantress (Depths:5)
  5 liches
  5 electric golems
  22 tentacled monstrosities
  Jorgrun (Shoals:3)
  8 Orb Guardians (Zot:5)
  Asterion (Spider:2)
  A quicksilver dragon (Depths:5)
  31 acid blobs
  3 deep elf blademasters
  4 deep elf master archers (Elf:3)
  5 titans
  3 krakens
  7 death cobs
  Polyphemus (Shoals:3)
  7 shadow dragons
  Frances (D:13)
  11 sphinxes
  10 storm dragons
  The ghost of M4edhros the Unseen, an adept OpAr of Fedhas (Elf:3)
  8 tengu reavers
  2 draconian monks
  18 azure jellies
  Ilsuiw (Shoals:4)
  6 fire giants
  Donald (Elf:2)
  2 draconian knights
  13 frost giants
  Maud (D:11)
  7 ghost moths
  7 draconian zealots
  Aizul (Elf:1)
  An orc warlord (Depths:1)
  8 deep elf sorcerers
  A draconian scorcher (Zot:3)
  A curse skull (Vaults:3)
  5 emperor scorpions
  8 vault wardens
  5 spriggan defenders
  8 ironheart preservers
  An angel (Depths:4)
  4 draconian shifters
  A reaper (Depths:3)
  6 draconian annihilators
  19 stone giants
  4 draconian callers
  6 black draconians
  7 green draconians
  8 very ugly things
  4 vampire knights
  Nessos (D:14)
  10 deep elf demonologists
  7 white draconians
  6 purple draconians
  7 mottled draconians
  10 deep elf annihilators
  10 red draconians
  9 yellow draconians
  The ghost of Crishpax the Eclecticist, a journeyman DEWz of Vehumet (Lair:5)
  6 spark wasps
  The ghost of cireshan the Eclecticist, a journeyman DECj of Sif Muna (Orc:3)
  A small abomination (Depths:3)
  13 deep elf death magi
  7 merfolk javelineers
  17 fire dragons
  11 yaktaur captains
  8 death oozes (Slime:6)
  6 merfolk impalers (Shoals:4)
  A vault guard (Vaults:2)
  A minotaur (Lab)
  Josephine (Lair:7)
  8 ettins
  19 ice dragons
  2 jiangshi (Depths:5)
  5 rakshasas
  5 deep elf high priests
  14 great orbs of eyes
  6 hydras
  21 entropy weavers
  8 spriggan air magi
  4 merfolk avatars
  11 satyrs
  An alligator snapping turtle (Shoals:4)
  17 dancing weapons (Elf:2)
  6 catoblepae
  17 ogre magi
  8 vampire magi
  11 centaur warriors
  17 death yaks
  13 deep troll shamans
  6 merfolk aquamancers
  5 tengu warriors
  6 deep troll earth magi
  4 spriggan berserkers
  5 orc high priests
  A sun demon (Depths:3)
  6 iron trolls
  Sonja (D:15)
  25 deep elf knights
  3 fire crabs
  A fire crab (shapeshifter) (D:14)
  10 skeletal warriors
  A hell knight (Depths:5)
  An unseen horror (D:14)
  16 deep elf summoners
  4 flayed ghosts
  11 deep trolls
  A harpy (Shoals:4)
  An obsidian statue (Vaults:3)
  A wizard (Vaults:3)
  15 sea snakes
  A torturous demonspawn (Depths:3)
  A sphinx zombie (Vaults:2)
  11 deep elf conjurers
  9 ironbrand convokers
  13 hill giants
  5 giant orange brains
  A griffon (shapeshifter) (Depths:2)
  25 orc knights
  4 necromancers
  9 orc sorcerers
  17 orb spiders
  31 wolf spiders
  2 hornets
  A tengu skeleton (D:15)
  33 moths of wrath
  15 fauns
  10 vault sentinels
  10 water nymphs
  6 shining eyes
  2 elephants (shapeshifter)
  16 griffons
  A cyclops (shapeshifter) (Depths:5)
  A black mamba (shapeshifter) (Depths:4)
  43 ugly things
  11 manticores
  A stone giant skeleton (Vaults:2)
  8 sirens
  3 centaur zombies
  18 cyclopes
  Maurice (Orc:3)
  9 elephants
  6 black mambas
  2 eyes of devastation (shapeshifter)
  A spiny frog (shapeshifter) (Depths:3)
  3 gargoyles
  A guardian serpent (shapeshifter) (Depths:2)
  A torpor snail (Spider:4)
  Psyche (D:8)
  An efreet (D:15)
  An orange demon (Depths:3)
  2 eyes of devastation
  3 fire drakes
  16 spiny frogs
  2 tengu conjurers (Depths:1)
  17 demonic crawlers
  6 kobold demonologists
  A guardian mummy (D:15)
  A yaktaur (shapeshifter) (Vaults:4)
  8 freezing wraiths
  A hellwing (Depths:3)
  8 komodo dragons
  14 deep elf priests
  A komodo dragon (shapeshifter) (D:13)
  25 jumping spiders
  3 trolls
  A wind drake (shapeshifter) (Depths:1)
  A polar bear (Lair:8)
  53 yaktaurs
  30 merfolk
  A jumping spider (shapeshifter) (Vaults:3)
  24 two-headed ogres
  21 blink frogs
  A blink frog (shapeshifter) (Depths:5)
  2 ettin zombies
  A trapdoor spider zombie (D:12)
  148 slime creatures
  3 human simulacra
  7 snapping turtles
  A boulder beetle (Vaults:1)
  2 shadows
  An ice dragon zombie (D:15)
  54 redbacks
  8 spriggans
  An orc simulacrum (Vaults:2)
  5 wyverns
  Sigmund (D:5)
  30 tarantellas
  11 water elementals
  2 air elementals (Depths:2)
  A fire bat (Shoals:1)
  6 wraiths
  10 trapdoor spiders
  72 yaks
  28 deep elf magi
  2 spriggans (shapeshifter)
  18 wolves
  Grum (D:9)
  A golden eye (shapeshifter) (D:15)
  A swamp worm (shapeshifter) (Depths:5)
  24 vampire mosquitoes
  9 hungry ghosts
  16 golden eyes
  12 hippogriffs
  A water moccasin (shapeshifter) (Vaults:1)
  A mottled dragon (Vaults:2)
  5 basilisks
  22 deep elf fighters
  A soldier ant (D:13)
  A tengu zombie (D:15)
  A deep troll zombie (Vaults:3)
  9 wargs
  16 water moccasins
  6 sky beasts
  13 porcupines
  2 black bears (Lair:4)
  4 phantoms
  A human zombie (Vaults:2)
  3 ice beasts
  48 orc warriors
  15 centaurs
  9 eyes of draining
  4 wasps
  74 ogres
  A tengu (shapeshifter) (Vaults:4)
  A boggart (shapeshifter) (Vaults:1)
  A boggart (Vaults:2)
  19 crocodiles
  4 big kobolds
  2 crocodiles (shapeshifter)
  20 giant frogs
  2 deep troll simulacra (Vaults:3)
  2 wyvern zombies (D:14)
  7 scorpions
  A troll zombie (D:9)
  19 killer bees
  A troll skeleton (Lab)
  7 electric eels
  A vampire bat (D:11)
  A quasit (D:8)
  10 crimson imps
  6 centaur skeletons
  34 jellies
  29 orc priests
  3 giant frog skeletons
  An iron imp (Depths:2)
  8 hounds
  4 hell rats (Lair:5)
  12 iguanas
  34 orc wizards
  6 worker ants
  26 sheep
  7 ogre zombies (D:9)
  An ogre skeleton (Lab)
  A hound zombie (D:10)
  2 worker ant zombies
  9 gnolls
  64 river rats
  15 adders
  3 shadow imps
  5 oozes
  An adder zombie (D:9)
  8 worms
  4 giant geckos
  174 orcs
  2 ball pythons (D:3)
  7 giant cockroaches
  A goblin (shapeshifter) (Depths:2)
  12 hobgoblins
  8 jackals
  7 quokkas
  A ball python zombie (D:5)
  23 bats
  A giant newt (shapeshifter) (Depths:5)
  3 giant newts
  12 goblins
  2 goblin skeletons (D:7)
  7 goblin zombies
  2 hobgoblin skeletons (D:9)
  6 hobgoblin zombies
  A jackal skeleton (D:4)
  15 kobolds
  A kobold skeleton (D:7)
  4 orc skeletons
  12 orc zombies (D:9)
  2 quokka skeletons
  11 rats
  3 bushes
  2 crawling corpses (Elf:3)
  A fire vortex (Zot:2)
  15 fungi
  71 plants
  4 tentacles (Shoals:3)
2855 creatures vanquished.

Vanquished Creatures (collateral kills)
  2 tengu reavers
  An azure jelly (Slime:6)
  A draconian annihilator (Zot:4)
  A very ugly thing (Depths:1)
  3 yellow draconians
  A merfolk impaler (Shoals:1)
  An ice dragon (Depths:5)
  A death yak (Shoals:3)
  A skeletal warrior (Vaults:2)
  A deep troll (Depths:1)
  2 ugly things (Depths:1)
  4 slime creatures
  2 wolf spiders (Spider:4)
  A manticore (Shoals:4)
  A vault sentinel (Vaults:2)
  A demonic crawler (Spider:4)
  A deep elf priest (Vaults:4)
  A jumping spider (Spider:4)
  A two-headed ogre (shapeshifter) (Vaults:2)
  A water elemental (Shoals:1)
  4 redbacks
  A golden eye (Slime:4)
  2 tarantellas
  An orc warrior (Vaults:4)
  2 ogres
  A killer bee (D:9)
  An orc priest (Vaults:2)
  6 jellies
  An orc wizard (Vaults:2)
  3 orcs
50 creatures vanquished.

Vanquished Creatures (others)
  An Orb Guardian (Zot:5)
  A wolf spider (Spider:2)
  An orc wizard (D:7)
  732 fire vortices
  29 fungi
  52 plants
  8 tentacles
  161 tentacle segments
985 creatures vanquished.

Grand Total: 3890 creatures vanquished

Notes
Turn   | Place    | Note
--------------------------------------------------------------
     0 | D:1      | Crishpax the Deep Elf Wizard began the quest for the Orb.
     0 | D:1      | Reached XP level 1. HP: 10/10 MP: 7/7
   384 | D:1      | Reached XP level 2. HP: 15/15 MP: 2/9
   579 | D:1      | Reached skill level 5 in Spellcasting
  1311 | D:2      | Noticed Terence
  1387 | D:2      | Reached XP level 3. HP: 19/19 MP: 7/11
  1421 | D:2      | Learned a level 2 spell: Blink
  1425 | D:2      | Learned a level 3 spell: Conjure Flame
  1429 | D:2      | Learned a level 3 spell: Mephitic Cloud
  1432 | D:2      | Learned a level 2 spell: Repel Missiles
  2334 | D:2      | Reached XP level 4. HP: 24/24 MP: 11/13
  2768 | D:3      | Reached skill level 6 in Spellcasting
  2980 | D:3      | Reached XP level 5. HP: 28/28 MP: 4/15
  3353 | D:3      | Noticed an ogre
  3376 | D:3      | Killed an ogre
  3376 | D:3      | Reached skill level 7 in Spellcasting
  3376 | D:3      | Reached skill level 5 in Conjurations
  3376 | D:3      | Reached XP level 6. HP: 32/32 MP: 0/18
  3526 | D:3      | Found an iron altar of Okawaru.
  3708 | D:3      | Found a radiant altar of Vehumet.
  3720 | D:3      | Became a worshipper of Vehumet
  4192 | D:3      | Reached skill level 1 in Fire Magic
  4636 | D:4      | Found a sacrificial altar of Ru.
  4886 | D:5      | Entered Level 5 of the Dungeon
  4943 | D:5      | Reached XP level 7. HP: 36/36 MP: 15/20
  4978 | D:5      | Noticed a two-headed ogre
  4991 | D:5      | Killed a two-headed ogre
  5102 | D:5      | Got a shimmering sapphire amulet
  5105 | D:5      | Identified the amulet "Hiluec" {Stasis rPois Int+7} (You found it on level 5 of the Dungeon)
  5126 | D:5      | Reached skill level 8 in Spellcasting
  5479 | D:5      | Noticed Sigmund
  5490 | D:5      | Killed Sigmund
  5490 | D:5      | Reached skill level 5 in Fire Magic
  5490 | D:5      | Reached XP level 8. HP: 41/41 MP: 7/22
  5841 | D:5      | Found a deep blue altar of Sif Muna.
  5890 | D:5      | Identified Sif Muna's Volume of Conjuration
  6075 | D:5      | Reached skill level 9 in Spellcasting
  6756 | D:6      | Found a white marble altar of Elyvilon.
  7284 | D:6      | You fall through a shaft for 3 floors!
  7412 | D:9      | Reached * piety under Vehumet
  7412 | D:9      | Offered knowledge of Sting by Vehumet.
  7427 | D:9      | Reached XP level 9. HP: 39/45 MP: 5/24
  7585 | D:9      | Found a staircase to the Orcish Mines.
  7607 | D:9      | HP: 2/45 [iguana (10)]
  7619 | D:8      | Gained mutation: You are partially covered in icy blue scales (AC +1). [potion of mutation]
  7619 | D:8      | Gained mutation: Your magical capacity is low (-10% MP). [potion of mutation]
  7636 | D:8      | HP: 2/45 [hound (5)]
  8130 | D:7      | Reached skill level 10 in Spellcasting
  8410 | D:7      | Noticed a seven-headed hydra
  8421 | D:7      | Killed a seven-headed hydra
  8764 | D:7      | Found a staircase to the Ecumenical Temple.
  8783 | D:7      | Reached skill level 11 in Spellcasting
  8844 | D:7      | Found a glowing golden altar of the Shining One.
  9128 | D:7      | Found a shattered altar of Ashenzari.
  9130 | D:7      | Offered knowledge of Flame Tongue by Vehumet.
  9136 | D:7      | Reached ** piety under Vehumet
  9453 | D:7      | Reached XP level 10. HP: 48/50 MP: 13/24
  9933 | D:8      | Noticed Psyche
 10085 | D:8      | Killed Psyche
 10720 | D:8      | Noticed a hill giant
 10761 | D:8      | Killed a hill giant
 10761 | D:8      | Reached skill level 10 in Fire Magic
 10993 | D:8      | Offered knowledge of Stone Arrow by Vehumet.
 11010 | D:8      | Reached skill level 12 in Spellcasting
 11145 | D:8      | Reached skill level 10 in Conjurations
 11535 | D:9      | Reached *** piety under Vehumet
 11547 | D:8      | Learned a level 5 spell: Fireball
 11554 | D:8      | Learned a level 6 spell: Bolt of Fire
 11562 | D:8      | Learned a level 7 spell: Delayed Fireball
 12019 | D:9      | Noticed Grum
 12021 | D:9      | Offered knowledge of Sticky Flame by Vehumet.
 12022 | D:9      | Killed Grum
 12600 | D:9      | Reached **** piety under Vehumet
 12600 | D:9      | Reached XP level 11. HP: 39/54 MP: 18/27
 12775 | D:9      | Offered knowledge of Fulminant Prism by Vehumet.
 13388 | D:10     | Entered Level 10 of the Dungeon
 13399 | D:10     | Reached skill level 13 in Spellcasting
 13652 | D:10     | Noticed a hill giant
 13654 | D:10     | Killed a hill giant
 13776 | D:10     | Noticed a hill giant
 13778 | D:10     | Killed a hill giant
 13929 | D:10     | Reached ***** piety under Vehumet
 14122 | D:10     | Offered knowledge of Iskenderun's Mystic Blast by Vehumet.
 14596 | D:11     | Noticed a hill giant
 14597 | D:11     | Noticed Maud
 14597 | D:11     | Killed a hill giant
 15274 | D:11     | Noticed a hill giant
 15275 | D:11     | Killed a hill giant
 15408 | D:11     | Reached skill level 14 in Spellcasting
 15928 | D:11     | Killed Maud
 16115 | D:11     | Found a staircase to the Lair.
 16176 | Lair:1   | Entered Level 1 of the Lair of Beasts
 16350 | Lair:1   | Reached skill level 1 in Fighting
 16350 | Lair:1   | Reached XP level 12. HP: 9/60 MP: 6/29
 17258 | Lair:1   | Reached skill level 15 in Spellcasting
 17969 | Lair:2   | Offered knowledge of Lee's Rapid Deconstruction by Vehumet.
 18872 | Lair:2   | Noticed a seven-headed hydra
 18875 | Lair:2   | Killed a seven-headed hydra
 19528 | Lair:3   | Reached skill level 5 in Fighting
 19607 | Lair:3   | Found a labyrinth entrance.
 19614 | Lab      | Entered a labyrinth
 20139 | Lab      | Reached skill level 16 in Spellcasting
 20272 | Lab      | Noticed a minotaur
 20291 | Lab      | Killed a minotaur
 20377 | Lab      | Identified the Disquisition on Unholy Changing
 20461 | Lab      | Identified the Disquisition on Enhancements
 20933 | Lair:3   | Found a staircase to the Shoals.
 20957 | Lair:3   | Reached XP level 13. HP: 75/75 MP: 20/32
 21370 | Lair:3   | Offered knowledge of Bolt of Cold by Vehumet.
 21598 | Lair:4   | Reached skill level 17 in Spellcasting
 22997 | Lair:5   | Noticed Crishpax's ghost (journeyman DEWz)
 23589 | Lair:5   | Reached skill level 18 in Spellcasting
 23833 | Lair:5   | Killed Crishpax's ghost
 24432 | Lair:6   | Offered knowledge of Orb of Destruction by Vehumet.
 24765 | Lair:5   | Learned a level 7 spell: Orb of Destruction
 24922 | Lair:6   | Identified a scroll of acquirement
 25666 | Lair:6   | Found a hole to the Spider Nest.
 26059 | Lair:7   | Reached XP level 14. HP: 86/86 MP: 34/35
 26226 | Lair:7   | Noticed Josephine
 26228 | Lair:7   | Killed Josephine
 26238 | Lair:7   | Reached skill level 19 in Spellcasting
 26797 | Lair:8   | Entered Level 8 of the Lair of Beasts
 27305 | Lair:8   | Found a staircase to the Slime Pits.
 27370 | Lair:8   | Reached skill level 10 in Fighting
 28014 | Lair:8   | Offered knowledge of Freezing Cloud by Vehumet.
 28104 | Lair:8   | Reached skill level 5 in Dodging
 28750 | Lair:8   | Reached skill level 20 in Spellcasting
 29479 | Lair:2   | Learned a level 9 spell: Fire Storm
 29596 | Orc:1    | Entered Level 1 of the Orcish Mines
 30397 | Orc:3    | Found a staircase to the Elven Halls.
 30466 | Orc:3    | Noticed cireshan's ghost (journeyman DECj)
 30475 | Orc:3    | Killed cireshan's ghost
 30475 | Orc:3    | Reached XP level 15. HP: 63/92 MP: 13/37
 31203 | Orc:3    | Noticed Maurice
 31204 | Orc:3    | Killed Maurice
 31207 | Orc:3    | Reached ****** piety under Vehumet
 31209 | Orc:3    | Offered knowledge of Spellforged Servitor by Vehumet.
 31799 | Orc:4    | Entered Level 4 of the Orcish Mines
 32112 | Orc:4    | Found Esefuqe's Armour Shop.
 32587 | Orc:4    | Found Zerphaur's Distillery.
 32596 | Orc:4    | Found Detax's Gadget Emporium.
 32626 | Orc:4    | Bought a potion of magic for 120 gold pieces
 32637 | Orc:4    | Found Hamamoj's General Store.
 32639 | Orc:4    | Found Qoobb's Jewellery Boutique.
 33504 | Elf:1    | Entered Level 1 of the Elven Halls
 33609 | Elf:1    | Offered knowledge of Poisonous Cloud by Vehumet.
 33770 | Elf:1    | Identified Yschowax's Papyrus of Creation
 33864 | Elf:1    | Noticed Aizul
 33889 | Elf:1    | Killed Aizul
 34421 | Elf:1    | Found Edem's Assorted Antiques.
 35114 | Elf:2    | Noticed Donald
 35117 | Elf:2    | Killed Donald
 35370 | Elf:2    | Found Ticricwu's General Store.
 35437 | Elf:2    | Found a runed gate.
 35437 | Elf:2    | Found a runed gate.
 35668 | Elf:2    | Found a runed gate.
 35922 | Elf:2    | Noticed a deep elf blademaster
 35925 | Elf:2    | Killed a deep elf blademaster
 36191 | Elf:2    | Reached skill level 21 in Spellcasting
 36191 | Elf:2    | Reached XP level 16. HP: 95/97 MP: 38/38
 36629 | Elf:2    | Reached skill level 10 in Dodging
 36968 | Elf:3    | Entered Level 3 of the Elven Halls
 36968 | Elf:3    | Found Yfant's Assorted Antiques.
 36978 | Elf:3    | Bought a scroll of blinking for 247 gold pieces
 37024 | Elf:3    | Noticed a deep elf master archer
 37359 | Elf:3    | Offered knowledge of Lehudib's Crystal Spear by Vehumet.
 37359 | Elf:3    | Offered knowledge of Glaciate by Vehumet.
 37359 | Elf:3    | Offered knowledge of Shatter by Vehumet.
 37886 | Elf:3    | Reached skill level 15 in Conjurations
 37971 | Elf:3    | Noticed M4edhros's ghost (adept OpAr)
 38070 | Elf:3    | Killed M4edhros's ghost
 38184 | Elf:3    | Reached skill level 15 in Fire Magic
 38263 | Elf:3    | Noticed a deep elf blademaster
 38266 | Elf:3    | Killed a deep elf blademaster
 38692 | Elf:3    | Killed a deep elf master archer
 38699 | Elf:3    | Noticed a deep elf master archer
 38705 | Elf:3    | Killed a deep elf master archer
 38705 | Elf:3    | Reached skill level 22 in Spellcasting
 38790 | Elf:3    | Reached XP level 17. HP: 102/102 MP: 40/40
 39815 | Elf:3    | Identified Sif Muna's Collected Works on Execration and Companions (You found it on level 3 of the Elven Halls)
 40413 | D:12     | Found Ciuzoeh's Book Emporium.
 40586 | D:12     | Found Xoxuaxt's Book Shop.
 40667 | D:12     | Found Dozathryi's Book Emporium.
 40686 | D:12     | Found Sitint's Distillery.
 40711 | D:12     | Found a basalt altar of Yredelemnul.
 40769 | D:12     | Found Atumedi's Assorted Antiques.
 41145 | D:13     | Noticed Frances
 41149 | D:13     | Killed Frances
 42647 | D:14     | Noticed Nessos
 42650 | D:14     | Killed Nessos
 43057 | D:14     | Found a gate to the Vaults.
 43411 | D:15     | Entered Level 15 of the Dungeon
 43647 | D:15     | Noticed Sonja
 43648 | D:15     | Killed Sonja
 43834 | D:15     | Found a staircase to the Depths.
 44183 | D:15     | Reached skill level 23 in Spellcasting
 44609 | Depths:1 | Entered Level 1 of the Depths
 44609 | Depths:1 | Found Saug's General Store.
 44687 | Depths:1 | Found Puopazaxt's Jewellery Shoppe.
 44710 | Depths:1 | Found Senla's Armour Shoppe.
 44718 | Depths:1 | Bought a +0 helmet of intelligence for 172 gold pieces
 44945 | Depths:1 | Reached XP level 18. HP: 107/107 MP: 42/42
 45815 | Depths:1 | Found a one-way gate to the infinite horrors of the Abyss.
 45817 | Depths:1 | Found Jeob's Antique Armour Shoppe.
 46015 | Depths:1 | Found a gateway to Hell.
 46647 | Spider:1 | Entered Level 1 of the Spider Nest
 47415 | Spider:2 | Noticed Asterion
 47419 | Spider:2 | Killed Asterion
 48389 | Spider:4 | Entered Level 4 of the Spider Nest
 48390 | Spider:4 | Reached skill level 24 in Spellcasting
 48412 | Spider:4 | Reached XP level 19. HP: 112/112 MP: 28/44
 49586 | Spider:4 | Got a gossamer rune of Zot
 49844 | Shoals:1 | Entered Level 1 of the Shoals
 52036 | Shoals:3 | Noticed Polyphemus
 52038 | Shoals:3 | Killed Polyphemus
 52038 | Shoals:3 | Reached skill level 25 in Spellcasting
 52210 | Shoals:3 | Found Uklul's Jewellery Shoppe.
 52487 | Shoals:3 | Got a scorched amber ring
 52489 | Shoals:3 | Identified the ring of Utsuuqu {rC+ MP+9 Str+3} (You found it on level 3 of the Shoals)
 52719 | Shoals:4 | Entered Level 4 of the Shoals
 52719 | Shoals:4 | Noticed Jorgrun
 52727 | Shoals:3 | Killed Jorgrun
 52838 | Shoals:4 | Reached XP level 20. HP: 117/117 MP: 46/46
 53046 | Shoals:4 | Noticed Ilsuiw
 53047 | Shoals:4 | Killed Ilsuiw
 53291 | Shoals:4 | Identified A Beginning Course on Spellweaving
 53329 | Shoals:4 | Got a barnacled rune of Zot
 53990 | Shoals:4 | Identified the Reference Book on Boosting Confrontation
 54454 | Slime:1  | Entered Level 1 of the Pits of Slime
 56398 | Slime:4  | Reached skill level 26 in Spellcasting
 57323 | Slime:5  | Reached XP level 21. HP: 122/122 MP: 48/48
 57588 | Slime:6  | Entered Level 6 of the Pits of Slime
 57684 | Slime:6  | Noticed the Royal Jelly
 57686 | Slime:6  | Killed the Royal Jelly
 58403 | Slime:6  | Got a slimy rune of Zot
 58445 | Slime:6  | Got an ominously black robe
 58456 | Slime:6  | Identified the +0 robe of Vanity {rElec Dex+3} (You found it on level 6 of the Pits of Slime)
 58976 | Slime:3  | Gained mutation: You are frail (-10% HP). [a shining eye]
 59221 | Lair:2   | Upgraded the game from 0.18-a0-486-gab6c0bd to 0.18-a0-596-g6468885
 59230 | Lair:2   | Learned a level 6 spell: Haste
 59237 | Lair:2   | Learned a level 6 spell: Deflect Missiles
 59426 | Vaults:1 | Entered Level 1 of the Vaults
 59475 | Vaults:1 | Reached skill level 1 in Charms
 59490 | Vaults:1 | Reached skill level 27 in Spellcasting
 60111 | Vaults:1 | Reached skill level 5 in Charms
 60204 | Vaults:1 | Reached skill level 5 in Translocations
 61441 | Vaults:2 | Reached XP level 22. HP: 114/114 MP: 49/49
 61739 | Vaults:2 | Reached skill level 10 in Translocations
 63226 | Vaults:3 | Found a staircase to the Crypt.
 63368 | Vaults:3 | Found a gateway to a bazaar.
 63377 | Bazaar   | Entered a bazaar
 63381 | Bazaar   | Found Diehi's Weapon Boutique.
 63399 | Bazaar   | Found Komn's Antique Armour Emporium.
 63416 | Bazaar   | Found Wyehaph's Book Boutique.
 63433 | Bazaar   | Found Ralugu Qaqe's Jewellery Shoppe.
 63438 | Bazaar   | Bought an uncursed ring of sustain attributes for 262 gold pieces
 63470 | Bazaar   | Bought an uncursed ring of fire for 375 gold pieces
 63470 | Bazaar   | Bought an uncursed ring of positive energy for 300 gold pieces
 64649 | Vaults:4 | Reached skill level 15 in Translocations
 65292 | Vaults:4 | Found a roughly hewn altar of Beogh.
 65293 | Vaults:4 | Reached XP level 23. HP: 118/118 MP: 50/50
 65481 | Vaults:4 | Noticed Sojobo
 65485 | Vaults:4 | Killed Sojobo
 66290 | D:12     | Bought an Akashic Record for 1656 gold pieces
 66299 | D:12     | Learned a level 8 spell: Controlled Blink
 66515 | Shoals:3 | Bought an uncursed amulet of clarity for 360 gold pieces
 66913 | Depths:1 | Bought the cursed ring "Rulef" {rElec AC-5 Int+3} for 218 gold pieces
 67832 | Depths:2 | Noticed an iron giant
 67843 | Depths:2 | Killed an iron giant
 68466 | Depths:2 | Reached skill level 1 in Evocations
 68825 | Depths:2 | Reached skill level 5 in Evocations
 69412 | Depths:3 | Found a one-way gate leading to the halls of Pandemonium.
 70232 | Depths:3 | Reached skill level 10 in Evocations
 70384 | Depths:3 | Reached XP level 24. HP: 117/123 MP: 50/50
 70425 | Depths:3 | Got a shadowed robe
 70436 | Depths:3 | Identified the cursed +0 robe of the Shoals {Str+2} (You took it off a vampire mage on level 3 of the Depths)
 71809 | Depths:4 | Found a corrupted altar of Lugonu.
 71864 | Depths:4 | Found Arogitz's Weapon Shop.
 72055 | Depths:4 | Found a gateway to a ziggurat.
 72678 | Depths:5 | Entered Level 5 of the Depths
 72936 | Depths:5 | Reached skill level 15 in Evocations
 72973 | Depths:5 | Noticed the Enchantress
 72974 | Depths:5 | Killed the Enchantress
 73022 | Depths:5 | Found a burning altar of Makhleb.
 73023 | Depths:5 | Found a blossoming altar of Fedhas.
 73023 | Depths:5 | Found a radiant altar of Vehumet.
 73176 | Depths:5 | Found a gate to the Realm of Zot.
 73371 | Depths:5 | Noticed a juggernaut
 73584 | Depths:5 | Noticed a juggernaut
 73586 | Depths:5 | Killed a juggernaut
 73666 | Depths:5 | Killed a juggernaut
 73866 | Depths:5 | Reached XP level 25. HP: 126/126 MP: 50/50
 74421 | Depths:5 | Identified the Incunabulum of Sinister Poison
 74467 | Depths:5 | Noticed a juggernaut
 74472 | Depths:5 | Killed a juggernaut
 74784 | Depths:5 | Noticed a juggernaut
 74786 | Depths:5 | Killed a juggernaut
 75693 | Vaults:4 | Upgraded the game from 0.18-a0-596-g6468885 to 0.18-a0-628-gc02dfad
 76169 | Zot:1    | Entered Level 1 of the Realm of Zot
 77661 | Zot:1    | Reached XP level 26. HP: 132/132 MP: 40/50
 79112 | Zot:3    | Reached XP level 27. HP: 136/136 MP: 50/50
 79861 | Zot:4    | Noticed an orb of fire
 79873 | Zot:4    | Killed an orb of fire
 81522 | Zot:5    | Entered Level 5 of the Realm of Zot
 82157 | Zot:5    | Noticed an orb of fire
 82158 | Zot:5    | Gained mutation: You are dopey. (Int -2) [an orb of fire]
 82514 | Zot:5    | Noticed an orb of fire
 82519 | Zot:5    | Killed an orb of fire
 82539 | Zot:5    | Noticed an orb of fire
 82540 | Zot:5    | Noticed an orb of fire
 82549 | Zot:5    | Killed an orb of fire
 82551 | Zot:5    | Killed an orb of fire
 82551 | Zot:5    | Reached skill level 27 in Evocations
 82744 | Zot:5    | Noticed an orb of fire
 82757 | Zot:5    | Killed an orb of fire
 83051 | Zot:5    | Noticed an orb of fire
 83060 | Zot:5    | Gained mutation: Your body sometimes deteriorates upon taking damage. [an orb of fire]
 83681 | Zot:5    | Killed an orb of fire
 83690 | Zot:5    | Noticed an orb of fire
 84058 | Zot:5    | Killed from afar by an orb of fire

Vault maps used:
D:1:      nicolae_arrival_somewhat_less_tricky_arrival
D:2:      uniq_terence
D:3:      fiery_altar_vehumet, overflow_temple_1_default, first_bread
D:4:      hangedman_ru_absence
D:5:      led_sif_book, eino_small_chamber_without_monster, uniq_sigmund
D:6:      kennysheep_little_box, minmay_misc_feat_secret_circle,
          kennysheep_generic_room_11
D:7:      nicolae_tso_besieged_by_evil, lemuel_round_altar,
          minmay_temple_entry_grid, the_bakery, serial_bayou_lake_a
D:8:      uniq_psyche
D:9:      zombieorc2_lemuel, uniq_grum
D:11:     grunt_lair_entry_elf_guard_hut, roderic_batcave, uniq_maud
D:12:     basic_altar, serial_shops, nicolae_shop_waterfront, shop_statue, shop,
          shop, nicolae_shop_crystal, serial_bayou_crossing
D:13:     uniq_frances
D:14:     david_vaults_2, patterned_corridor, minmay_strange_pillars,
          uniq_nessos
D:15:     gammafunk_depths_entry_grave, serial_bayou_lagoon_a, uniq_sonja
Lair:1:   serial_bayou_pond_e, nicolae_quartered_pool_medium
Lair:3:   beast_lair_carwin_large_2, elwin_shoals_entry_rooms,
          lab_entry_generic, infiniplex_staircase_pool, grunt_megastairs_2
Lair:4:   gammafunk_lair_bear_cave, infiniplex_staircase_pool_2
Lair:5:   fungi_pond_lemuel
Lair:6:   nicolae_spider_entry_non_spiders, grunt_megastairs_4
Lair:7:   uniq_josephine
Lair:8:   evilmike_catoblepas_cave, minmay_slime_entry_jelly_boxes
Shoals:1: hangedman_shoal_volcano
Shoals:3: serial_shops, nicolae_shop_waterfront, st_cyclops, uniq_polyphemus
Shoals:4: shoals_end_grunt_garden, shoals_ilsuiw_alternative,
          nicolae_shoals_wave_tunnel, uniq_jorgrun
Spider:1: spider_trap
Spider:2: uniq_asterion
Spider:4: grunt_spider_rune_island
Slime:1:  cheibrodos_slime_lost_civilization_1
Slime:5:  nicolae_slime_welcoming_committee
Orc:3:    nicolae_orc_pool_cavern, uniq_maurice
Orc:4:    st_orc_elflike, serial_shops, shop
Elf:1:    elf_arrival_001, serial_shops, nicolae_shop_overgrown_old_shop,
          mu_enter_wizlab_1, minmay_elf_demonology, uniq_aizul
Elf:2:    serial_shops, shop, uniq_donald
Elf:3:    minmay_elf_hall_circle, serial_shops, shop
Vaults:1: nicolae_vaults_big_ls, v_misc_17, v_misc_24, v_alt_pattern_5,
          hangedman_vaults_maws, nicolae_vaults_shelves_hall,
          ontoclasm_vaults_hangar
Vaults:2: nicolae_vaults_quadrants, dpeg_vaults_monster_row, v_misc_19,
          v_misc_1, ontoclasm_vaults_eye, v_misc_8,
          nicolae_vaults_stairing_the_circle, nicolae_vaults_ring_of_whatevers,
          hangedman_vaults_trim, ontoclasm_vaults_ring_small,
          nicolae_vaults_ring_of_whatevers, vaults_room_boxed,
          nicolae_vaults_little_squares_6, nicolae_vaults_theta
Vaults:3: v_alt_pattern_1, minmay_crypt_entry_simple_sparse,
          ontoclasm_vaults_fire_temple, v_misc_30, ontoclasm_vaults_spin,
          hangedman_vaults_variations, ontoclasm_vaults_chip,
          vaults_dpeg_encased_lava, vaults_standard_mumra_x, v_misc_4,
          ontoclasm_vaults_claustrophobia, ontoclasm_vaults_ring_small,
          vaults_room_hallway, ontoclasm_vaults_gateway, serial_shops,
          statue_bzr
Vaults:4: grunt_vaults_swirl, hangedman_vaults_snaps, v_misc_5, v_pattern_3,
          hangedman_vaults_restitches, grunt_vaults_diagonal, v_misc_33,
          v_misc_8, vaults_mumra_chevron, special_room_vaults, v_misc_24,
          stair_cage_open, uniq_sojobo
Depths:1: abyss_entry, serial_shops, shop_fountains, shop, nicolae_shop_stone,
          shop, solitary_fountain, pf_hell_entry_tar_spiral,
          minmay_fountain_box, nooodl_orcs_dogs, grunt_megastairs_1
Depths:2: hangedman_box_tower, grunt_hell_entry_dis_grunt
Depths:3: minmay_nested_s, rand_demon_pan_entry_3, minmay_misc_feat_encased,
          hell_entry, kennysheep_generic_room_3, infiniplex_staircase_river
Depths:4: evilmike_cross, enter_ziggurat_f, hell_entry, kennysheep_small_spiral,
          serial_shops, nicolae_shop_trees, abyss_entry_flame_altar,
          minmay_misc_feat_x
Depths:5: hangedman_slaughterboxes, hell_entry, uniq_enchantress
Zot:1:    zot_minivault_1
Lab:      nicolae_lab_dead_adventurers, nicolae_lab_garden, nicolae_lab_do_over,
          nicolae_lab_checkerboard, lab_hedge, nicolae_lab_plus
Bazaar:   bazaar_jpeg_circle_common

Action                   |  1- 3 |  4- 6 |  7- 9 | 10-12 | 13-15 | 16-18 | 19-21 | 22-24 | 25-27 || total
-------------------------+-------+-------+-------+-------+-------+-------+-------+-------+-------++-------
Melee: Unarmed           |    34 |     1 |       |       |       |       |       |       |       ||    35
       Short sword       |       |       |    25 |    34 |       |       |       |       |       ||    59
       Glaive            |       |       |       |     6 |       |       |       |       |       ||     6
       Staff             |       |       |       |       |     2 |       |     1 |     1 |     1 ||     5
 Cast: Magic Dart        |   105 |   139 |   241 |   203 |       |       |       |     1 |       ||   689
       Repel Missiles    |     1 |       |       |     1 |     1 |       |     1 |       |       ||     4
       Conjure Flame     |       |    13 |    34 |    20 |     3 |       |       |       |       ||    70
       Mephitic Cloud    |       |     7 |    41 |    20 |       |     1 |       |       |       ||    69
       Blink             |       |     1 |    16 |     4 |     3 |       |     5 |     2 |     2 ||    33
       Fireball          |       |       |       |   222 |   407 |   293 |    81 |    93 |    24 ||  1120
       Delayed Fireball  |       |       |       |     2 |     5 |    23 |       |     2 |     2 ||    34
       Bolt of Fire      |       |       |       |    28 |    92 |   128 |    44 |   161 |    71 ||   524
       Orb of Destructio |       |       |       |       |    47 |    52 |    21 |    28 |    32 ||   180
       Fire Storm        |       |       |       |       |       |    32 |   275 |   234 |   244 ||   785
       Deflect Missiles  |       |       |       |       |       |       |     1 |     1 |     1 ||     3
       Controlled Blink  |       |       |       |       |       |       |       |     7 |    10 ||    17
       Haste             |       |       |       |       |       |       |       |       |     3 ||     3
 Abil: Release Delayed F |       |       |       |     1 |     6 |    22 |       |     2 |     2 ||    33
Evoke: Wand              |       |       |       |       |     2 |       |       |     3 |       ||     5
       Crystal ball of e |       |       |       |       |       |       |       |     6 |    21 ||    27
  Use: Potion            |       |       |     6 |     4 |     1 |       |     3 |       |     5 ||    19
       Scroll            |       |       |     4 |    20 |     7 |     4 |     5 |     3 |     2 ||    45
 Stab: Confused          |       |       |     1 |     8 |       |       |       |       |       ||     9
  Eat: Chunk             |     2 |     7 |    12 |    26 |    37 |    17 |    14 |    22 |    14 ||   151
       Fruit             |     1 |     2 |     1 |     6 |     6 |     1 |    15 |     8 |       ||    40
       Beef jerky        |       |       |     1 |     1 |       |     4 |     4 |     4 |     1 ||    15
       Pizza             |       |       |     1 |     3 |       |     2 |     3 |       |       ||     9
       Meat ration       |       |       |       |       |     1 |     2 |     1 |       |     4 ||     8
       Royal jelly       |       |       |       |       |       |       |     1 |       |       ||     1
